AoeStats
← Diosito

Arena

504457965Analyzed
4v4 RM · 28d ago on Sep 5, 2026· 42m 54s· 8 players
Game mode
Random Map
Map size
Large (8 player)
Population
200
Speed
Normal
Resources
Standard
Victory
Conquest
Starting age
Dark Age
Ending age
Imperial Age
RankedLock teamsTeams togetherTeam positionsShared explorationLock speedFull tech treeHidden civsTurbo modeCheats
Victory
Defeat
🇨🇳 Persians · China
1298
+9
🇨🇳 Japanese · China
1192
+13
🇭🇰 Italians · Hong Kong SAR China
858
+26
🇨🇳 Mapuche · China
846
+27
🇦🇺 Muisca · Australia
1143
-20
🇦🇷 Poles · Argentina
1132
-20
🇹🇷 Chinese · Türkiye
1095
-18
🇨🇳 Turks · China
1058
-17
sultanilhan
0:33 Loom
11:27 Feudal Age
17:09 Castle Age
15:31 Double-Bit Axe
15:28 Horse Collar
15:57 Stone Mining
16:37 Gold Mining
17:19 Fletching
18:06 Bow Saw
18:39 Heavy Plow
21:47 Fletching
23:48 Stone Shaft Mining
23:51 Gold Shaft Mining
23:56 Ballistics
24:34 Padded Archer Armor
25:14 Bodkin Arrow
25:33 Masonry
26:48 Murder Holes
29:43 Leather Archer Armor
34:52 Imperial Age
32:58 Wheelbarrow
32:10 Town Watch
36:20 Bracer
36:50 Ring Archer Armor
39:52 Elite Chu Ko Nu
40:53 Conscription
ufokinw0tm8
10:36 Feudal Age
9:59 Loom
14:17 Castle Age
14:25 Wheelbarrow
13:37 Double-Bit Axe
13:40 Horse Collar
14:41 Wheelbarrow
16:13 Bow Saw
19:36 Town Watch
21:44 Heavy Plow
22:44 Stone Mining
23:28 Gold Mining
28:43 Imperial Age
26:59 Hand Cart
26:47 Town Patrol
27:03 Hand Cart
26:45 Treadmill Crane
27:14 Fletching
28:00 Bodkin Arrow
28:05 Padded Archer Armor
29:09 Thumb Ring
29:11 Elite Skirmisher
30:10 Bracer
30:26 Leather Archer Armor
30:53 Ballistics
31:53 Two-Man Saw
31:54 Conscription
34:48 Squires
34:08 Elite Temple Guard
35:37 Forging
35:27 Scale Mail Armor
36:24 Sanctity
Diosito
11:31 Feudal Age
16:04 Castle Age
14:06 Horse Collar
14:35 Double-Bit Axe
22:28 Wheelbarrow
22:50 Heavy Plow
24:19 Gold Mining
26:29 Husbandry
26:40 Bloodlines
28:26 Scale Barding Armor
28:33 Forging
30:40 Iron Casting
30:27 Chain Barding Armor
30:42 Iron Casting
30:27 Szlachta Privileges
34:10 Imperial Age
31:56 Hand Cart
31:28 Town Watch
31:29 Loom
34:11 Cavalier
37:00 Conscription
37:08 Stone Mining
39:25 Blast Furnace
38:46 Fletching
lynavy
12:11 Feudal Age
14:32 Double-Bit Axe
14:40 Gold Mining
17:33 Castle Age
22:16 Imperial Age
20:11 Fletching
22:06 Ballistics
22:00 Bodkin Arrow
22:30 Padded Archer Armor
27:39 Thumb Ring
29:29 Scale Mail Armor
34:42 Wheelbarrow
35:30 Squires
mangudai
10:11 Feudal Age
13:47 Castle Age
12:05 Double-Bit Axe
15:29 Bow Saw
15:28 Horse Collar
18:45 Town Watch
20:02 Loom
20:56 Wheelbarrow
20:30 Fletching
20:54 Padded Archer Armor
28:01 Imperial Age
26:01 Bodkin Arrow
25:56 Pikeman
26:37 Squires
27:55 Leather Archer Armor
28:04 Ballistics
28:45 Bracer
29:47 Chemistry
29:13 Scale Mail Armor
29:24 Forging
28:43 Halberdier
30:44 Chain Mail Armor
31:40 Iron Casting
31:52 Yasama
32:33 Fortified Wall
32:15 Guard Tower
32:11 Arrowslits
31:56 Elite Skirmisher
33:09 Ring Archer Armor
35:36 Kataparuto
35:41 Conscription
36:16 Arson
37:22 Keep
37:04 Treadmill Crane
37:39 Heavy Plow
37:49 Thumb Ring
38:49 Plate Mail Armor
38:43 Fortified Wall
40:13 Blast Furnace
39:45 Hand Cart
39:50 Murder Holes
40:10 Siege Engineers
40:53 Masonry
41:43 Gambesons
碰我村民就投
10:03 Feudal Age
13:50 Castle Age
12:15 Double-Bit Axe
12:35 Horse Collar
14:39 Loom
16:57 Bow Saw
17:54 Wheelbarrow
24:13 Heavy Plow
25:36 Hand Cart
27:02 Elite Skirmisher
29:00 Thumb Ring
28:57 Fletching
29:07 Padded Archer Armor
29:20 Elite Skirmisher
30:06 Thumb Ring
30:19 Bodkin Arrow
30:39 Leather Archer Armor
29:54 Elite Skirmisher
30:40 Thumb Ring
30:44 Elite Skirmisher
31:30 Thumb Ring
40:48 Imperial Age
41:29 Ballistics
41:24 Fortified Wall
41:27 Masonry
41:12 Murder Holes
42:10 Bracer
42:40 Ring Archer Armor
42:11 Scale Mail Armor
42:22 Forging
44:07 Chemistry
43:02 Arrowslits
43:19 Murder Holes
谢祈风
11:09 Feudal Age
14:59 Castle Age
13:28 Double-Bit Axe
13:26 Horse Collar
21:14 Wheelbarrow
20:26 Loom
28:43 Imperial Age
27:50 Hand Cart
28:18 Forging
28:45 Bow Saw
28:35 Heavy Plow
29:38 Iron Casting
30:51 Butalmapu
32:00 Blast Furnace
31:50 Conscription
31:58 Gold Mining
32:00 Stone Mining
31:53 Elite Kona
32:49 Scale Mail Armor
34:46 Chain Mail Armor
36:28 Plate Mail Armor
37:28 Gold Shaft Mining
37:28 Stone Shaft Mining
赶鹿王12
10:22 Feudal Age
14:00 Castle Age
11:57 Double-Bit Axe
12:55 Horse Collar
15:50 Wheelbarrow
18:48 Bow Saw
20:20 Heavy Plow
22:02 Hand Cart
22:28 Gold Mining
27:21 Imperial Age
26:07 Gold Shaft Mining
25:22 Stone Mining
25:53 Loom
25:53 Town Watch
25:35 Pikeman
27:24 Bloodlines
27:15 Husbandry
27:24 Scale Barding Armor
27:31 Forging
27:04 Cavalier
28:28 Stone Shaft Mining
28:57 Chain Barding Armor
28:51 Savar
30:54 Plate Barding Armor
30:55 Iron Casting
34:08 Blast Furnace
33:34 Fletching
34:47 Chemistry
34:08 Ballistics
34:37 Caravan
35:10 Coinage
35:28 Conscription
36:46 Town Patrol
Connection lost

Rejoining the realm…

Still unreachable

The connection could not be restored.

Session expired

The server has moved on; the page needs a fresh start.